General information
- name: BNet
- type: Ladder team game (AT/RT)
- host: Battle.net
- saver: sylvia
map: TwistedMeadows
- players: 4
- length: 17:27
- speed: Fast
- version: 1.24 W3XP
- replay type: Public
» download(148 KB)
Players
team 1 (winner)
Anyway (
pink | 156 APM | 2725 actions | 17:26)
4 Death Knight
2 Death Coil
2 Unholy Aura
3 Lich
2 Frost Nova
1 Frost Armor
» actions
| Assign group hotkey | 57 | |
| Basic commands | 268 | |
| Build / train | 50 | |
| Enter build submenu | 15 | |
| Enter hero's abilities submenu | 8 | |
| Give item / drop item | 5 | |
| Right click | 1166 | |
| Select / deselect | 265 | |
| Select group hotkey | 808 | |
| Use ability | 83 | |
2725 total
» units
| Acolyte | 5 | |
| Ghoul | 2 | |
| Crypt Fiend | 8 | |
| Obsidian Statue | 4 | |
| Abomination | 1 | |
20 total
» upgrades
| Burrow | 1 | |
| Destroyer Form | 1 | |
| Web | 1 | |
| Creature Attack | 3 | |
| Creature Carapace | 1 | |
7 total
» buildings
| Altar of Darkness | 1 | |
| Ziggurat | 7 | |
| Crypt | 1 | |
| Tomb of Relics | 1 | |
| Graveyard | 1 | |
| Nerubian Tower | 1 | |
| Halls of the Dead | 1 | |
| Black Citadel | 1 | |
| Slaughterhouse | 1 | |
| Sacrificial Pit | 1 | |
16 total
» build order
00:06 Altar of Darkness
00:13 Ziggurat
00:34 Crypt
01:01 Tomb of Relics
01:17 Graveyard
02:04 Ziggurat
02:37 Nerubian Tower
04:04 Halls of the Dead
04:43 Ziggurat
06:25 Black Citadel
06:28 Slaughterhouse
07:18 Ziggurat
09:12 Sacrificial Pit
10:03 Ziggurat
10:04 Ziggurat
12:42 Ziggurat
» items
| Rod of Necromancy | 1 | |
| Dust of Appearance | 1 | |
| Boots of Speed | 1 | |
| Potion of Healing | 3 | |
| Orb of Corruption | 1 | |
| Scroll of Town Portal | 2 | |
| Scroll of Healing | 1 | |
10 total
sylvia (
teal | 133 APM | 2321 actions | 17:27)
3 Archmage
2 Summon Water Elemental
1 Brilliance Aura
3 Mountain King
2 Storm Bolt
1 Bash
» actions
| Assign group hotkey | 54 | |
| Basic commands | 14 | |
| Build / train | 63 | |
| ESC pressed | 2 | |
| Enter build submenu | 27 | |
| Enter hero's abilities submenu | 6 | |
| Right click | 867 | |
| Select / deselect | 699 | |
| Select group hotkey | 484 | |
| Use ability | 105 | |
2321 total
» units
| Peasant | 11 | |
| Footman | 5 | |
| Priest | 4 | |
| Sorceress | 1 | |
| Spell Breaker | 12 | |
33 total
» upgrades
» buildings
| Altar of Kings | 1 | |
| Barracks | 1 | |
| Farm | 9 | |
| Scout Tower | 5 | |
| Arcane Tower | 2 | |
| Keep | 1 | |
| Arcane Vault | 3 | |
| Arcane Sanctum | 2 | |
| Lumber Mill | 1 | |
| Town Hall | 1 | |
| Guard Tower | 3 | |
29 total
» build order
00:06 Altar of Kings
00:19 Barracks
00:34 Farm
00:48 Farm
01:44 Scout Tower
02:10 Farm
02:37 Arcane Tower
03:22 Keep
03:50 Arcane Vault
04:04 Arcane Vault
04:37 Arcane Vault
04:50 Farm
05:46 Arcane Sanctum
05:48 Arcane Sanctum
06:04 Farm
08:10 Farm
09:08 Lumber Mill
09:34 Farm
11:04 Farm
11:19 Town Hall
11:24 Scout Tower
11:52 Guard Tower
11:54 Scout Tower
12:33 Guard Tower
12:35 Scout Tower
12:37 Scout Tower
14:43 Guard Tower
14:44 Arcane Tower
15:45 Farm
» items
| Boots of Speed | 1 | |
| Scroll of Regeneration | 3 | |
| Lesser Clarity Potion | 3 | |
| Potion of Healing | 2 | |
| Scroll of Town Portal | 1 | |
| Potion of Lesser Invulnerability | 2 | |
| Scroll of Healing | 1 | |
13 total
team 2 (loser)
D[a]Y (
red | 187 APM | 3241 actions | 17:20)
3 Archmage
2 Summon Water Elemental
1 Brilliance Aura
3 Mountain King
2 Storm Bolt
1 Bash
» actions
| Assign group hotkey | 74 | |
| Basic commands | 158 | |
| Build / train | 66 | |
| ESC pressed | 1 | |
| Enter build submenu | 16 | |
| Enter hero's abilities submenu | 7 | |
| Give item / drop item | 2 | |
| Right click | 1389 | |
| Select / deselect | 440 | |
| Select group hotkey | 980 | |
| Use ability | 108 | |
3241 total
» units
| Peasant | 10 | |
| Footman | 4 | |
| Spell Breaker | 10 | |
| Priest | 10 | |
34 total
» upgrades
» buildings
| Altar of Kings | 1 | |
| Farm | 9 | |
| Barracks | 1 | |
| Keep | 2 | |
| Scout Tower | 1 | |
| Arcane Tower | 2 | |
| Arcane Vault | 1 | |
| Arcane Sanctum | 2 | |
19 total
» build order
00:04 Altar of Kings
00:20 Farm
00:24 Barracks
00:50 Farm
02:19 Keep
02:19 Keep
02:22 Scout Tower
02:34 Farm
02:36 Farm
03:34 Arcane Tower
03:34 Arcane Tower
03:36 Arcane Vault
04:48 Arcane Sanctum
04:49 Arcane Sanctum
04:55 Farm
06:10 Farm
08:03 Farm
08:28 Farm
09:02 Farm
» items
| Scroll of Regeneration | 2 | |
| Lesser Clarity Potion | 5 | |
| Potion of Lesser Invulnerability | 3 | |
| Dust of Appearance | 1 | |
| Scroll of Town Portal | 4 | |
| Potion of Healing | 1 | |
16 total
Your.last.GG (
green | 205 APM | 3577 actions | 17:26)
3 Blademaster
2 Wind Walk
1 Critical Strike
3 Shadow Hunter
1 Hex
2 Healing Wave
» actions
| Assign group hotkey | 31 | |
| Basic commands | 2 | |
| Build / train | 61 | |
| ESC pressed | 1 | |
| Enter build submenu | 13 | |
| Enter hero's abilities submenu | 6 | |
| Give item / drop item | 4 | |
| Right click | 1311 | |
| Select / deselect | 334 | |
| Select group hotkey | 1701 | |
| Use ability | 113 | |
3577 total
» units
| Peon | 7 | |
| Grunt | 9 | |
| Raider | 5 | |
| Spirit Walker | 4 | |
| Kodo Beast | 3 | |
| Troll Batrider | 1 | |
29 total
» upgrades
| Berserker Strength | 1 | |
| Ensnare | 1 | |
| Spirit Walker Training | 1 | |
| Melee Weapons | 1 | |
4 total
» buildings
| Altar of Storms | 1 | |
| Orc Burrow | 5 | |
| Barracks | 1 | |
| Voodoo Lounge | 1 | |
| Stronghold | 1 | |
| Beastiary | 3 | |
| Spirit Lodge | 1 | |
| War Mill | 1 | |
14 total
» build order
00:06 Altar of Storms
00:15 Orc Burrow
00:38 Barracks
01:30 Orc Burrow
02:05 Voodoo Lounge
03:06 Stronghold
04:17 Orc Burrow
06:08 Beastiary
06:09 Spirit Lodge
06:13 War Mill
07:24 Orc Burrow
11:52 Orc Burrow
11:55 Beastiary
16:17 Beastiary
» items
| Boots of Speed | 1 | |
| Healing Salve | 6 | |
| Scroll of Speed | 1 | |
| Scroll of Healing | 2 | |
| Scroll of Town Portal | 2 | |
| Potion of Healing | 2 | |
| Potion of Mana | 1 | |
| Dust of Appearance | 1 | |
16 total
Chat log
(00:11 / Allies) Anyway: i go harass
(00:13 / Allies) sylvia: ok
(11:10 / Allies) sylvia: gogo
(12:25 / Allies) sylvia: some wood?
(12:40 / Allies) sylvia: exe is up
(12:43 / Allies) sylvia: delay them
(14:16 / Allies) sylvia: b soon
(14:19 / Allies) sylvia: FUCK
(14:28 / Allies) sylvia: tp
(14:30 / Allies) sylvia: b
(14:50 / Allies) sylvia: sry
(14:53 / Allies) sylvia: i lose am ;//
(15:00 / Allies) Anyway: happens
(15:18 / Allies) sylvia: still win imo
(16:51 / Allies) sylvia: go